 Dungeon Sprint DCSS version 0.28-a0-224-g76b539d98b (webtiles) character file.

Game seed: 13760001809552558596

1370 MikeHunt the Basher (level 8, 0/105 HPs)
             Began as a Demigod Warper on Aug 21, 2021.
             Slain by a vampire knight (23 damage)
             ... in the Dungeon (Sprint VII: "The Pits").
             The game lasted 00:05:05 (1321 turns).

MikeHunt the Basher (Demigod Warper)                Turns: 1321, Time: 00:05:06

Health: 0/105      AC: 16    Str: 16    XL:     8   Next: 16%
Magic:  13/13      EV:  9    Int: 15    God:
Gold:   0          SH:  0    Dex: 17    Spells: 10/10 levels left

rFire   . . .      SeeInvis .   s - +2 morningstar (flame)
rCold   . . .      Faith    .   (no shield)
rNeg    . . .      Spirit   .   x - +4 chain mail
rPois   .          Reflect  .   z - +0 helmet
rElec   .          Harm     .   (no cloak)
rCorr   .          Rampage  .   w - +0 pair of gloves
Will    .....      NoTele   +   (no boots)
Stlth   ..........              (no amulet)
HPRegen 0.27/turn               (no ring)
MPRegen 0.13/turn               (no ring)

@: berserking, very quick
A: high mp 1, forlorn
a: no special abilities


You were in the Dungeon.
You visited 1 branch

Inventory:

Hand Weapons
 i - a +2 mace
 l - a +1 mace of protection
 s - a +2 morningstar of flaming (weapon)
 y - the +4 quarterstaff of Circularity {vorpal, rPois rF+ rC+ rCorr}
   (You found it in the Dungeon)

   It inflicts extra damage upon your enemies.
   rF:        It protects you from fire.
   rC:        It protects you from cold.
   rPois:     It protects you from poison.
   rCorr:     It protects you from acid and corrosion.
Missiles
 d - 5 boomerangs of dispersal (quivered)
Armour
 b - a +0 leather armour
 k - a +3 scale mail
 m - a +2 scale mail of cold resistance
 v - a +4 scale mail
 w - a +0 pair of gloves (worn)
 x - a +4 chain mail (worn)
 z - a +0 helmet (worn)
Jewellery
 n - a +3 ring of protection
 o - a +3 ring of dexterity
Scrolls
 c - 2 scrolls of blinking
 j - a scroll of summoning
Potions
 a - a potion of invisibility
 e - 7 potions of curing
 f - 3 potions of heal wounds
 g - 2 potions of haste
 h - 4 potions of magic
 p - a potion of resistance
 q - a potion of might
 r - a potion of brilliance
 t - 2 potions of mutation


   Skills:
 + Level 6.2 Fighting
 + Level 13.3 Maces & Flails
 - Level 0.8 Throwing
 + Level 6.0 Armour
 + Level 6.2 Dodging
 - Level 1.7 Spellcasting
 - Level 2.6 Translocations


You had 10 spell levels left.
You didn't know any spells.
Your spell library contained the following spells:

 Spells                   Type           Power      Damage    Failure   Level
 Blink                    Tloc           N/A        N/A       85%         2
 Gell's Gravitas          Tloc           4%         N/A       97%         3
 Lesser Beckoning         Tloc           4%         N/A       97%         3
 Teleport Other           Tloc           9%         N/A       97%         3
 Manifold Assault         Tloc           9%         N/A       100%        5


Dungeon Overview and Level Annotations

Branches:
Dungeon (1/1)


Innate Abilities, Weirdness & Mutations

Your attributes grow dramatically as you level up.
You have an increased reservoir of magic. (+10% MP)
You shall have no god before yourself.


Message History

There is an open door here.
There is an open door here.
There is an open door here.
There is an open door here.
There is an open door here.
There is an open door to the Storerooms (Easy), spattered with blood here.
You see here a +0 falchion.
You open the huge gate.
A centaur and a vampire knight come into view.
The vampire knight is wielding a +0 war axe and wearing a +0 chain mail of fire resistance.
The vampire knight shouts!
The vampire knight points at you and mumbles some strange words.
The vampire knight blinks!
You hit the vampire knight but do no damage.
The vampire knight hits you with a +0 war axe!!
The vampire knight bites you.
The vampire knight draws strength from your injuries!
A red film seems to cover your vision as you go berserk!
You feel yourself moving faster!
You feel mighty!
The vampire knight hits you with a +0 war axe.
The vampire knight barely misses you.
You bludgeon the vampire knight!!
The vampire knight is moderately damaged.
You sock the vampire knight! You burn the vampire knight.
The vampire knight is heavily damaged.
The vampire knight hits you with a +0 war axe!!
The vampire knight bites you but does no damage.
You sock the vampire knight!
The vampire knight is severely damaged.
You hit the vampire knight.
The vampire knight is severely damaged.
The vampire knight draws life force from you!!
* * * LOW HITPOINT WARNING * * *
The vampire knight is healed by the life force!
You hit the vampire knight but do no damage.
The vampire knight is heavily damaged.
The centaur hits you but does no damage.
The centaur kicks you but does no damage.
The vampire knight hits you with a +0 war axe!!
You die...

##########++#####
######+##................
.')))'.##......#..#......
######.##................
........'................
###'#####......#.c#......
.#...)†##...)...@V.......
)#####'#####'#####''#####
)#.....##.......# ''#
)#.....##.......# ....
.###'####.......# .....
'#.....##...<...# ..c..#
.......##.......# ...###
.......##.......# ..##
#########.......#


You could see a vampire knight and a centaur.

Vanquished Creatures
  A bog body (D)
  A flying skull (D)
  A water moccasin (D)
  Purgy (D)
  A sky beast (D)
  2 ice beasts (D)
  2 scorpions (D)
  2 jellies (D)
  An iron imp (D)
  Terence (D)
  A river rat (D)
  2 ufetubi (D)
  An adder zombie (D)
  2 bats (D)
  An endoplasm (D)
  2 jackals (D)
  A ball python (D)
  A frilled lizard (D)
  A goblin (D)
25 creatures vanquished.

Notes
Turn   | Place    | Note
-------+----------+-------------------------------------------
     0 | D        | MikeHunt the Demigod Warper began the quest for the Orb.
     0 | D        | Reached XP level 1. HP: 17/17 MP: 5/5
     8 | D        | Noticed a scorpion
    16 | D        | Killed a scorpion
    17 | D        | Reached skill level 7 in Maces & Flails
    17 | D        | Reached XP level 2. HP: 14/24 MP: 7/7
    17 | D        | Reached XP level 3. HP: 17/29 MP: 8/8
   404 | D        | Noticed a scorpion
   413 | D        | Killed a scorpion
   414 | D        | Reached skill level 9 in Maces & Flails
   414 | D        | Reached XP level 4. HP: 36/36 MP: 9/9
   565 | D        | Noticed an ice beast
   578 | D        | Killed an ice beast
   579 | D        | Reached skill level 11 in Maces & Flails
   579 | D        | Reached XP level 5. HP: 30/41 MP: 10/10
   665 | D        | Noticed Terence
   665 | D        | Noticed an ice beast
   699 | D        | Killed an ice beast
   700 | D        | Reached skill level 12 in Maces & Flails
   700 | D        | Reached XP level 6. HP: 36/48 MP: 11/11
   711 | D        | Reached skill level 1 in Armour
   745 | D        | Killed Terence
   926 | D        | Noticed a flying skull
   958 | D        | Killed a flying skull
  1039 | D        | Reached XP level 7. HP: 60/60 MP: 12/12
  1051 | D        | Noticed a bog body
  1052 | D        | Noticed Purgy
  1080 | D        | Killed Purgy
  1081 | D        | Reached skill level 5 in Fighting
  1081 | D        | Reached skill level 13 in Maces & Flails
  1081 | D        | Reached skill level 5 in Dodging
  1095 | D        | Killed a bog body
  1096 | D        | Reached XP level 8. HP: 48/70 MP: 13/13
  1251 | D        | Got the +4 quarterstaff of Circularity {vorpal, rPois rF+
                  | rC+ rCorr}
  1313 | D        | Noticed a vampire knight
  1321 | D        | Slain by a vampire knight

Illustrated notes

Levels and vault maps discovered:
D:        pitsprint [storerooms_1, entrance_room_1, metal_vault_4, armoury_2,
          mini_pit_1, grid_room_1, main_hall_1, silver_pit, the_coven_2,
          the_vestibule_1, steel_vault_2, golden_pit, hallway_of_sentries,
          crystal_vault_3, iron_vault_5, final_vault]

Skill      XL: |  1  2  3  4  5  6  7 |
---------------+----------------------+-----
Maces & Flails | 7 9 11 12 13 | 13.3
Fighting       | 4 6 |  6.2
Armour         | 4 6 |  6.0
Dodging        | 4 6 |  6.2
Throwing       | |  0.8
Spellcasting   | |  1.7
Translocations | |  2.6

Action                   |  1- 3 |  4- 6 |  7- 9 || total
-------------------------+-------+-------+-------++-------
Melee: Mace              |    25 |   115 |    41 ||   181
       Morningstar       |       |       |     6 ||     6
  Use: Potion            |     3 |     2 |     3 ||     8
 Stab: Invisible         |       |       |     3 ||     3
Armor: Leather armour    |     8 |       |       ||     8
       Scale mail        |       |    50 |    17 ||    67
       Chain mail        |       |       |     3 ||     3
Dodge: Dodged            |    29 |    34 |    22 ||    85

Table legend: (Time is in decaauts)
 A = Elapsed time spent in this place.
 B = Non-inter-level travel time spent in this place.
 C = Inter-level travel time spent in this place.
 D = Time resting spent in this place.
 E = Time spent auto-exploring this place.
 F = Levels seen in this place.
 G = Mean time per level.
                   A        B        C        D        E       F      G
               +--------+--------+--------+--------+--------+-----+--------+
         Total |   1328 |   1328 |      0 |    793 |      0 |   1 | 1328.0 |
       Dungeon |   1328 |   1328 |      0 |    793 |      0 |   1 | 1328.0 |
               +--------+--------+--------+--------+--------+-----+--------+

Top non-repeatable levels by time:
       D: 1328 daAuts
